 Dungeon Crawl Stone Soup version 0.18.1-1-g2f07953 (webtiles) character file.

931 IcyTea the Basher (level 8, -5/67 HPs)
             Began as an Ogre Air Elementalist on May 7, 2016.
             Was a Believer of Pakellas.
             Slain by Prince Ribbit (13 damage)
             ... on level 5 of the Dungeon.
             The game lasted 00:27:55 (5259 turns).

IcyTea the Basher (Ogre Air Elementalist)           Turns: 5259, Time: 00:27:55

Health: -5/67      AC: 10    Str: 15    XL:     8   Next: 11%
Magic:  2/2        EV: 10    Int: 15    God:    Pakellas [**....]
Gold:   192        SH:  0    Dex: 10    Spells: 3 memorised, 6 levels left

rFire  . . .     SeeInvis .     m - +1 giant spiked club
rCold  . . .     Gourm    .     s - +0 robe of Buoxkov {rPois Regen+ MP-9} (curse)
rNeg   . . .     Faith    .     (shield currently unavailable)
rPois  +         Spirit   .     (helmet restricted)
rElec  .         Dismiss  .     f - +2 cloak
rCorr  .         Reflect  .     (gloves unavailable)
SustAt .         Harm     .     (boots unavailable)
MR     .....                    (no amulet)
Stlth  +.........               (no ring)
                                j - +4 ring of protection

@: not resistant to hostile enchantments, very unstealthy
A: unfitting armour, tough skin 1
a: Quick Charge, Renounce Religion


You were on level 5 of the Dungeon.
You worshipped Pakellas.
Pakellas was pleased with you.
You were not hungry.

You visited 1 branch of the dungeon, and saw 5 of its levels.

You collected 192 gold pieces.

Inventory:

Hand Weapons
 m - a +1 giant spiked club (weapon)
Missiles
 e - 3 tomahawks of returning (quivered)
 l - 4 tomahawks
 q - 8 javelins
Armour
 f - a +2 cloak (worn)
 s - the cursed +0 robe of Buoxkov (worn) {rPois Regen+ MP-9}
   (You found it on level 4 of the Dungeon)

   It protects you from poison.
   It affects your magic capacity (-9).
   It increases your rate of regeneration.
   It has a curse placed upon it.
Jewellery
 j - a +4 ring of protection (left hand)
 t - an uncursed ring of fire
 v - a cursed amulet of inaccuracy {unknown}
Wands
 k - a wand of random effects (14/48)
 n - a wand of polymorph (14/24)
Scrolls
 d - a scroll of enchant armour
 h - a scroll of fear
 r - a scroll of remove curse
 u - 2 scrolls of recharging
Potions
 g - a potion of curing
Books
 b - a book of Air

   Spells                             Type                      Level
   a - Shock                          Conjuration/Air              1
   b - Swiftness                      Charms/Air                   2
   c - Repel Missiles                 Charms/Air                   2
   d - Static Discharge               Conjuration/Air              3
   e - Lightning Bolt                 Conjuration/Air              5
Miscellaneous
 o - a sack of spiders
Comestibles
 c - 4 bread rations
 i - 5 meat rations
 p - a chunk of flesh


   Skills:
 + Level 10.0 Maces & Flails
 - Level 1.7 Dodging
 - Level 1.5 Stealth
 - Level 2.4 Spellcasting
 - Level 0.6 Conjurations
 - Level 1.0 Charms
 - Level 3.0 Air Magic
 - Level 2.2 Evocations


You had 6 spell levels left.
You knew the following spells:

 Your Spells              Type           Power        Failure   Level  Hunger
a - Shock                 Conj/Air       #...         12%         1    #......
b - Swiftness             Chrm/Air       #.......     14%         2    ###....
c - Repel Missiles        Chrm/Air       #.....       14%         2    ###....


Dungeon Overview and Level Annotations

Branches:
Dungeon (5/15)
 Temple: D:4-7

Altars:
Gozag
Pakellas

Annotations:
D:5 Prince Ribbit


Innate Abilities, Weirdness & Mutations

You are too large for most types of armour.
You have tough skin (AC +1).


Message History

The orc hits you but does no damage. x2
Drink which item? (? for menu, Esc to quit)
You feel better. The orc closely misses you.
The orc shouts!
You thump the orc!
You kill the orc!
Pakellas accepts your kill. The orc hits you but does no damage.
Prince Ribbit hits you!
* * * LOW HITPOINT WARNING * * *
The orc hits you with a club.
* * * LOW HITPOINT WARNING * * *
You barely miss Prince Ribbit.
Prince Ribbit is severely wounded.
Prince Ribbit misses you. The orc hits you but does no damage.
Prince Ribbit barely misses you.
You barely miss Prince Ribbit.
Prince Ribbit is severely wounded.
Prince Ribbit hits you!
You die...
Pakellas says: Time to start the next experiment...

####..(....#####≈≈.....≈≈
..#.#..........# ##≈≈...≈...≈
...............###≈≈...≈.≈...
..####........##≈≈...≈...≈..
##.......#≈≈...≈.....≈.
##..##.##≈............
#.....##≈≈...≈.....≈.
#.##(.###≈≈...≈...≈..
#.oF@(..##≈≈...≈.≈...
......o)?...##≈≈...≈...≈
..#..........##≈≈.....≈≈
..............##≈≈.≈.≈≈#
..............###≈≈.≈≈##
..........##### ##≈≈≈##
..######### ##### ..


You could see Prince Ribbit and 2 orcs.

Vanquished Creatures
  A water moccasin (D:5)
  An ogre (D:5)
  A centaur (D:5)
  A giant frog (D:4)
  A scorpion (D:4)
  A crimson imp (D:5)
  2 giant frog zombies (D:5)
  A centaur skeleton (D:5)
  3 orc priests (D:4)
  2 orc wizards
  An iguana (D:4)
  Ijyb (D:3)
  2 worker ants
  4 adders
  An ooze (D:3)
  An adder skeleton (D:4)
  2 worms (D:3)
  2 giant geckos (D:2)
  15 orcs
  8 giant cockroaches
  7 goblins
  11 hobgoblins
  6 jackals
  6 kobolds
  2 quokkas
  2 ball pythons (D:2)
  A ball python skeleton (D:4)
  6 bats
  6 giant newts
  2 quokka skeletons (D:4)
  5 rats
105 creatures vanquished.

Vanquished Creatures (collateral kills)
  An orc priest (D:4)
1 creature vanquished.

Grand Total: 106 creatures vanquished

Notes
Turn   | Place    | Note
--------------------------------------------------------------
     0 | D:1      | IcyTea the Ogre Air Elementalist began the quest for the Orb.
     0 | D:1      | Reached XP level 1. HP: 16/16 MP: 3/3
   205 | D:1      | Reached XP level 2. HP: 22/24 MP: 0/5
   209 | D:1      | Learned a level 2 spell: Swiftness
   212 | D:1      | Learned a level 2 spell: Repel Missiles
   327 | D:1      | Reached skill level 1 in Maces & Flails
   486 | D:1      | Reached skill level 2 in Maces & Flails
   772 | D:2      | Reached XP level 3. HP: 29/31 MP: 1/6
  1026 | D:2      | Found an opulent altar of Gozag.
  1488 | D:2      | Reached XP level 4. HP: 13/39 MP: 2/7
  1622 | D:2      | Reached skill level 1 in Charms
  2025 | D:3      | Reached skill level 3 in Maces & Flails
  2164 | D:3      | Found an oddly glowing altar of Pakellas.
  2168 | D:3      | Became a worshipper of Pakellas the Inventive
  2380 | D:3      | Reached skill level 4 in Maces & Flails
  2380 | D:3      | Reached XP level 5. HP: 21/45 MP: 8/8
  2408 | D:3      | Noticed Ijyb
  2543 | D:3      | Killed Ijyb
  2984 | D:4      | Reached skill level 5 in Maces & Flails
  3390 | D:4      | Reached XP level 6. HP: 41/53 MP: 3/9
  3473 | D:4      | Reached skill level 6 in Maces & Flails
  3900 | D:4      | Reached * piety under Pakellas
  3900 | D:4      | Received a gift from Pakellas
  3904 | D:4      | Reached skill level 7 in Maces & Flails
  3953 | D:4      | HP: 1/53 [orc wizard/puff of frost (10)]
  3963 | D:4      | HP: 1/53 [orc wizard/dagger (2)]
  4369 | D:4      | Got a heavy robe
  4370 | D:4      | Identified the cursed +0 robe of Buoxkov {rPois Regen+ MP-9} (You found it on level 4 of the Dungeon)
  4429 | D:4      | Reached skill level 1 in Evocations
  4429 | D:4      | Reached XP level 7. HP: 11/59 MP: 1/10
  4924 | D:5      | Entered Level 5 of the Dungeon
  4954 | D:5      | Reached skill level 8 in Maces & Flails
  5034 | D:5      | Reached ** piety under Pakellas
  5034 | D:5      | Received a gift from Pakellas
  5092 | D:5      | Reached skill level 9 in Maces & Flails
  5149 | D:5      | Reached XP level 8. HP: 60/67 MP: 2/11
  5236 | D:5      | Noticed Prince Ribbit
  5252 | D:5      | Reached skill level 10 in Maces & Flails
  5259 | D:5      | Slain by Prince Ribbit

Skill      XL: |  1  2  3  4  5  6  7  8 |
---------------+-------------------------+-----
Maces & Flails | 2 4 5 7 9 10 | 10.0
Air Magic      | 3 |  3.0
Charms         | 1 |  1.0
Evocations     | 1 2 |  2.2
Dodging        | |  1.7
Stealth        | |  1.5
Spellcasting   | |  2.4
Conjurations   | |  0.6

Action                   |  1- 3 |  4- 6 |  7- 9 || total
-------------------------+-------+-------+-------++-------
Melee: Short sword       |     9 |       |       ||     9
       Unarmed           |     1 |       |       ||     1
       Club              |    96 |    37 |       ||   133
       Flail             |       |   149 |       ||   149
       Mace              |       |    15 |       ||    15
       Morningstar       |       |    15 |    63 ||    78
       Giant spiked club |       |       |    39 ||    39
 Cast: Shock             |    53 |    35 |       ||    88
Evoke: Wand              |       |     8 |     1 ||     9
  Use: Potion            |     2 |     3 |     3 ||     8
       Scroll            |     2 |    10 |     3 ||    15
 Stab: Sleeping          |     2 |     2 |       ||     4
       Distracted        |       |     1 |       ||     1
  Eat: Chunk             |     3 |    10 |     3 ||    16
Armor: Robe              |    60 |   110 |    59 ||   229
Dodge: Dodged            |    82 |   141 |    65 ||   288
